 Dungeon Crawl Stone Soup version 0.27.1-36-g1b1ada6b1e (webtiles) character file.

Game seed: 15890298064449762146

41 KleinerIrrer the Sneak (level 3, 0/26 HPs)
             Began as an Octopode Delver on Feb 8, 2023.
             Was an Initiate of Gozag.
             Succumbed to an adder's poison
             ... on level 4 of the Dungeon.
             The game lasted 00:03:40 (1063 turns).

KleinerIrrer the Sneak (Octopode Delver)            Turns: 1063, Time: 00:03:41

Health: 0/26       AC:  1    Str: 12    XL:     3   Next: 52%
Magic:  3/3        EV: 13    Int: 12    God:    Gozag
Gold:   27         SH:  0    Dex: 13    Spells: 2/2 levels left

rFire    . . .     SeeInvis .     - Unarmed
rCold    . . .     Faith    .   (no shield)
rNeg     . . .     Spirit   .   (helmet restricted)
rPois    .         Reflect  .   (no amulet)
rElec    .         Harm     .   (no ring)
rCorr    .         Rampage  .   (no ring)
Will     .....                  (no ring)
Stlth    ++++......             (no ring)
HPRegen  0.08/turn              (no ring)
MPRegen  0.08/turn              (no ring)
                                (no ring)
                                (no ring)

@: lethally poisoned (0 -> -4), gold aura, hasted, very quick
A: almost no armour, amphibious, 8 rings, camouflage 1, gelatinous body 1,
(nimble swimmer 1), tentacles
a: Renounce Religion, Potion Petition, Call Merchant, Bribe Branch


You were on level 4 of the Dungeon.
You worshipped Gozag.
Gozag was noncommittal.
You visited 2 branches of the dungeon, and saw 5 of its levels.

You collected 37 gold pieces.
You paid 10 gold pieces to Gozag.

Inventory:

Wands
 e - a wand of digging (3)
Scrolls
 a - a scroll of fog
 b - a scroll of identify {unknown}
 c - a scroll of fear


   Skills:
 - Level 3.0 Fighting
 - Level 2.0 Dodging
 - Level 6.6 Stealth
 + Level 3.8 Unarmed Combat


You had 2 spell levels left.
You didn't know any spells.
Your spell library was empty.

Dungeon Overview and Level Annotations

Branches:
Dungeon (6/15)             Temple (1/1) D:6

Altars:
Ashenzari
Cheibriados
Elyvilon
Gozag
Hepliaklqana
Kikubaaqudgha
Makhleb
Nemelex Xobeh
Okawaru
Qazlal
Ru
Trog
Vehumet
Yredelemnul
Zin
The Shining One


Innate Abilities, Weirdness & Mutations

You cannot wear most types of armour.
You are amphibious.
You can wear up to eight rings at the same time.
Your skin changes colour to match your surroundings (Stealth+).
Your rubbery body absorbs attacks. (AC +1, EV +1)
((You are camouflaged near water. (Stealth+)))
You have tentacles for arms and can constrict up to eight enemies at once.


Message History

You are no longer poisoned.
You start resting.
HP restored.
You climb upwards.
The adder bites you. x2; The rat misses you.
There is a stone staircase leading down here.
The adder bites you.
You are poisoned.
The adder poisons you! The rat barely misses you.
You climb downwards.
You feel sick.
There is a stone staircase leading up here.
You closely miss the rat. You grab the rat. You constrict the rat.
You feel sick. The rat bites you.
You tentacle-slap the rat but do no damage.
The rat is moderately wounded.
You constrict the rat.
You kill the rat!
You feel sick.
You are no longer poisoned.
You miss the adder. You grab the adder. You constrict the adder.
The adder bites you.
You barely miss the adder.
The adder is lightly wounded.
You constrict the adder. The adder bites you.
* * * LOW HITPOINT WARNING * * *
You are lethally poisoned!
The adder poisons you! The adder bites you.
* * * LOW HITPOINT WARNING * * *
You feel yourself speed up.
You constrict the adder.
* * * LOW HITPOINT WARNING * * *
You feel sick. The adder bites you.
* * * LOW HITPOINT WARNING * * *
You tentacle-slap the adder. Your squeeze misses the adder.
The adder is severely wounded.
You constrict the adder.
* * * LOW HITPOINT WARNING * * *
You feel sick. The adder barely misses you.
You tentacle-slap the adder.
You kill the adder!
You die...
Your body crumbles into a pile of gold.

####.######.#
#..........#
##.....#...###
#.............
###...........#
##..#..........#
#...............
###$#..>....#+#.
#@###.....# ###
#.....# ###...#
..## ..# ..# ..#


There were no monsters in sight!

Vanquished Creatures
  5 adders
  3 jackals
  A rat (D:4)
9 creatures vanquished.

Notes
Turn   | Place    | Note
-------+----------+-------------------------------------------
     0 | D:5      | KleinerIrrer the Octopode Delver began the quest for the
                  | Orb.
     0 | D:5      | Reached XP level 1. HP: 16/16 MP: 1/1
    12 | D:5      | Noticed an ogre
    21 | D:5      | Reached XP level 2. HP: 7/21 MP: 2/2
    29 | D:5      | Noticed an ogre
   218 | D:5      | Noticed a necrophage
   288 | D:6      | Found a staircase to the Ecumenical Temple.
   293 | Temple   | Entered the Ecumenical Temple
   473 | D:6      | Noticed a bullfrog
   539 | Temple   | Became a worshipper of Gozag Ym Sagoz the Greedy
   612 | D:5      | Noticed a gnoll sergeant
   910 | D:4      | Reached XP level 3. HP: 26/26 MP: 3/3
   916 | D:4      | Found a stormy altar of Qazlal.
  1062 | D:4      | HP: 1/26 [poisoned by an adder]
  1063 | D:4      | Succumbed to an adder's poison

Illustrated notes

Levels and vault maps discovered:
D:3:      layout_rooms, serial_forest, infiniplex_forest_3_way,
          infiniplex_forest_clump_medium, infiniplex_forest_clump_small,
          infiniplex_forest_end_3, infiniplex_forest_lined_2,
          infiniplex_forest_clump_curved, kennysheep_generic_room_7
D:4:      layout_cave_pools, mainiacjoe_overflow_boulevard,
          mainiacjoe_overflow_surrounded_room, nicolae_qazlal_eye_of_the_storm,
          wad_floor_pattern_2, serial_park_tiny_pond
D:5:      layout_loops_ring, tgw_fedhas, uniq_duvessa
D:6:      layout_loops_ring, temple_doors_e, chequers_serial_rivers_small_b,
          hex_large
Temple:   nicolae_temple_no_exploring_needed

Skill      XL: |  1  2 |
---------------+-------+-----
Unarmed Combat | 3 |  3.8
Fighting       | |  3.0
Dodging        | |  2.0
Stealth        | |  6.6

Action                   || total
-------------------------++-------
Melee: Unarmed           ||    33
       Constrict         ||     7
       Tentacles         ||     6
  Use: Scroll            ||     2
       Potion            ||     1
 Stab: Sleeping          ||     1
Armor: Skin              ||     5
Dodge: Dodged            ||    28
